 Dungeon Crawl Stone Soup version 0.30.0-29-ga12c61a403 (webtiles) character file.

Game seed: 12114471461475423626

511620 Gabide the Pyromancer (level 23, -2/180 (188) HPs)
             Began as a Demigod Air Elementalist on June 18, 2023.
             Killed from afar by a tengu reaver (18 damage)
             ... with a bolt of fire
             ... on level 5 of the Vaults on June 19, 2023.
             The game lasted 05:09:28 (88963 turns).

Gabide the Pyromancer (Demigod Air Elementalist)   Turns: 88963, Time: 05:09:29

HP:   -2/180 (188)  AC: 11    Str:  8    XL:     23   Next: 24%
MP:   11/51         EV: 19    Int: 60    God:
Gold: 1721          SH:  9    Dex: 18    Spells: 12/58 levels left

rFire   + + .        a - staff of air
rCold   + . .        L - +2 buckler {reflect}
rNeg    . . .        I - +2 robe {Archmagi}
rPois   +            J - +2 helmet
rElec   +            Y - scarf "Tauvar" {harm, Int+4}
rCorr   +            F - +2 pair of gloves {Dex+3}
SInv    .            r - +2 pair of boots
Will    ++...        z - amulet "Rofev" {Contam rElec Regen+ Int+7} Stlth
                     V - ring "Lyireh" {Fire rCorr Dex+2 Stlth-}
HPRegen 1.30/turn    E - ring of protection from cold
MPRegen 0.32/turn

%: harm (+30% outgoing, +20% incoming), reflection, clarity, archmagi
@: sluggish, silenced (expiring), resistant, corroded, hasted, studying 4
skills, lightly drained, invisible
A: high MP 1, forlorn, divine attributes, clarity, clever 1
}: 2/15 runes: serpentine, barnacled
a: no special abilities


You were on level 5 of the Vaults.
You visited 9 branches of the dungeon, and saw 43 of its levels.
You visited the Abyss 1 time.
You also visited: Ossuary, Gauntlet and Ice Cave.

You collected 5966 gold pieces.
You spent 4245 gold pieces at shops.

Inventory:

Missiles
 k - 7 curare-tipped darts
 u - 9 throwing nets
Armour
 b - a +2 cloak of poison resistance
 r - a +2 pair of boots (worn)
 x - the +1 ring mail of Iloska Quma {Regen+ Slay+6}
   (You found it on level 4 of the Snake Pit)

   Slay:      It affects your accuracy & damage with ranged weapons and melee
   (+6).
   Regen:     It increases your rate of health regeneration.
 B - a +3 leather armour of resistance
 F - a +2 pair of gloves of dexterity (worn)
 I - a +2 robe of the Archmagi (worn)
 J - a +2 helmet (worn)
 L - a +2 buckler of reflection (worn)
 O - a +4 troll leather armour {Snorg}
 W - the +0 ring mail of Lust {rF+ rN+ Int+2}
   (You found it on level 2 of the Snake Pit)

   Int:       It affects your intelligence (+2).
   rF:        It protects you from fire.
   rN:        It protects you from negative energy.
 Y - the scarf "Tauvar" (worn) {harm, Int+4}
   (You found it on level 3 of the Snake Pit)

   Int:       It affects your intelligence (+4).
Magical Staves
 a - a staff of air (weapon)
Jewellery
 d - a +6 ring of intelligence
 e - the ring of Midwinter {rF+ Will+ SInv}
   (You acquired it on level 1 of the Dungeon)

   [ring of willpower]

   rF:        It protects you from fire.
   SInv:      It lets you see invisible.
   Will:      It increases your willpower.
 g - the amulet of Ceggul {rC+ Regen+ SInv}
   (You found it on level 3 of the Vaults)

   [amulet of regeneration]

   rC:        It protects you from cold.
   SInv:      It lets you see invisible.
   Regen:     It increases your rate of health regeneration.
 z - the amulet "Rofev" (around neck) {Contam rElec Regen+ Int+7}
   (You bought it in a shop on level 3 of the Snake Pit)

   [amulet of regeneration]

   Int:       It affects your intelligence (+7).
   rElec:     It insulates you from electricity.
   Contam:    It causes magical contamination when unequipped.
   Regen:     It increases your rate of health regeneration.
 E - a ring of protection from cold (right hand)
 K - an amulet of magic regeneration
 R - the ring "Xeack" {MP+9 AC+4}
   (You bought it in a shop on level 3 of the Snake Pit)

   [ring of protection]

   AC:        It affects your AC (+4).
   MP:        It affects your magic capacity (+9).
 T - a ring of fire
 U - a ring of positive energy
 V - the ring "Lyireh" (left hand) {Fire rCorr Dex+2 Stlth-}
   (You found it on level 5 of the Lair of Beasts)

   [ring of fire]

   It enhances your fire magic.
   Dex:       It affects your dexterity (+2).
   rF:        It protects you from fire.
   rC:        It makes you vulnerable to cold.
   rCorr:     It protects you from acid and corrosion.
   Stlth:     It makes you less stealthy.
Wands
 n - a wand of roots (28)
 D - a wand of digging (11)
 G - a wand of acid (22)
Scrolls
 f - 26 scrolls of identify
 i - 2 scrolls of blinking
 j - 6 scrolls of immolation
 s - 8 scrolls of poison
 t - 7 scrolls of amnesia
 v - 5 scrolls of fog
 w - 12 scrolls of magic mapping
 y - a scroll of summoning
 A - 9 scrolls of teleportation
 N - a scroll of fear
 S - 2 scrolls of silence
 Z - 3 scrolls of enchant weapon
Potions
 m - 3 potions of haste
 o - 14 potions of curing
 p - 5 potions of resistance
 q - 7 potions of lignification
 C - 3 potions of might
 H - 5 potions of brilliance
 M - 7 potions of mutation
Miscellaneous
 c - a lightning rod (4/4)
 P - a phantom mirror
 X - a phial of floods


   Skills:
 - Level 12.0 Fighting
 - Level 12.0 Staves
 - Level 12.0 Armour
 - Level 12.0 Dodging
 - Level 3.0 Stealth
 - Level 12.0 Shields
 - Level 18.0 Spellcasting
 - Level 1.0 Conjurations
 - Level 21.0 Fire Magic
 + Level 20.6 Air Magic
 - Level 6.0 Evocations


You had 12 spell levels left.
You knew the following spells:

 Your Spells              Type           Power      Damage    Failure   Level
a - Shock                 Conj/Air       100%       1d9       0%          1
b - Static Discharge      Conj/Air       100%       2-7/arc   0%          2
c - Swiftness             Air            100%       N/A       0%          3
d - Airstrike             Air            96%        2d(14-30) 0%          4
e - Summon Lightning Spi  Summ/Air       100%       N/A       1%          4
f - Plasma Beam           Fire/Air       100%       2x1d131   0%          6
g - Fireball              Conj/Fire      80%        3d30      1%          5
h - Blink                 Tloc           100%       N/A       1%          2
i - Vhi's Electric Charg  Tloc/Air       100%       N/A       0%          3
j - Maxwell's Capacitive  Air            96%        ∞         1%          8
k - Ignition              Fire           97%        3d24      1%          8

Your spell library contained the following spells:

 Spells                   Type           Power      Damage    Failure   Level
 Foxfire                  Conj/Fire      100%       2x1d9     0%          1
 Poisonous Vapours        Pois/Air       100%       N/A       0%          2
 Scorch                   Fire           100%       2d9       0%          2
 Inner Flame              Hex/Fire       100%       N/A       0%          3
 Volatile Blastmotes      Fire/Tloc      100%       2d18      0%          3
 Beastly Appendage        Tmut           100%       N/A       1%          1
 Freeze                   Ice            100%       1d10      1%          1
 Kiss of Death            Conj/Necr      100%       2d13      1%          1
 Sting                    Tmut/Pois      100%       1d8       1%          1
 Summon Small Mammal      Summ           100%       N/A       1%          1
 Cigotuvi's Dreadful Rot  Necr/Pois/Air  100%       N/A       1%          2
 Ensorcelled Hibernation  Hex/Ice        100%       N/A       1%          2
 Lesser Beckoning         Tloc           100%       N/A       1%          2
 Momentum Strike          Conj/Tloc      100%       3d10      1%          2
 Sublimation of Blood     Necr           69%        N/A       1%          2
 Wereblood                Tmut           69%        N/A       1%          2
 Call Canine Familiar     Summ           69%        N/A       1%          3
 Confusing Touch          Hex            69%        N/A       1%          3
 Dazzling Flash           Conj/Hex       100%       N/A       1%          3
 Frozen Ramparts          Ice            100%       1d16      1%          3
 Hailstorm                Conj/Ice       74%        3d15      1%          3
 Ignite Poison            Fire/Tmut/Pois 100%       N/A       1%          3
 Ozocubu's Armour         Ice            69%        N/A       1%          3
 Spider Form              Tmut/Pois      69%        N/A       1%          3
 Stone Arrow              Conj/Erth      100%       3d13      1%          3
 Summon Guardian Golem    Hex/Summ       69%        N/A       1%          3
 Tukima's Dance           Hex            69%        N/A       1%          3
 Vampiric Draining        Necr           69%        2d10      1%          3
 Flame Wave               Conj/Fire      100%       2d21      1%          4
 Iskenderun's Mystic Bla  Conj/Tloc      74%        2d15      1%          4
 Sticky Flame             Conj/Fire      100%       2d11      1%          4
 Arcjolt                  Conj/Air       80%        1d90      1%          5
 Freezing Cloud           Conj/Ice/Air   71%        6-21      1%          5
 Silence                  Hex/Air        79%        N/A       1%          5
 Starburst                Conj/Fire      80%        6d20      1%          6
 Anguish                  Hex/Necr       34%        N/A       2%          4
 Animate Armour           Summ/Erth      100%       N/A       2%          4
 Animate Dead             Necr           69%        N/A       2%          4
 Cause Fear               Hex            34%        N/A       2%          4
 Dispel Undead            Necr           69%        3d23      2%          4
 Ice Form                 Ice/Tmut       69%        N/A       2%          4
 Leda's Liquefaction      Hex/Erth       34%        N/A       2%          4
 Olgreb's Toxic Radiance  Pois           69%        N/A       2%          4
 Passage of Golubria      Tloc           69%        N/A       2%          4
 Petrify                  Tmut/Erth      69%        N/A       2%          4
 Storm Form               Tmut/Air       79%        N/A       3%          7
 Irradiate                Conj/Tmut      37%        3d24      5%          5
 Alistair's Intoxication  Tmut/Pois      46%        N/A       7%          5
 Borgnjor's Vile Clutch   Necr/Erth      34%        N/A       7%          5
 Metabolic Englaciation   Hex/Ice        34%        N/A       7%          5
 Yara's Violent Unravell  Hex/Tmut       34%        3d14      7%          5
 Death Channel            Necr           34%        N/A       36%         6
 Eringya's Noxious Bog    Tmut/Pois      34%        N/A       36%         6
 Simulacrum               Ice/Necr       34%        N/A       36%         6
 Summon Cactus Giant      Summ           34%        N/A       36%         6
 Orb of Destruction       Conj           39%        9d11      80%         7
 Spellforged Servitor     Conj/Summ      37%        N/A       86%         7
 Dragon Form              Tmut           34%        N/A       91%         7
 Enfeeble                 Hex            34%        N/A       91%         7
 Haunt                    Necr/Summ      34%        N/A       91%         7
 Ozocubu's Refrigeration  Ice            34%        4d15      91%         7
 Discord                  Hex            34%        N/A       100%        8
 Infestation              Necr           34%        N/A       100%        8
 Lehudib's Crystal Spear  Conj/Erth      37%        10d9      100%        8
 Death's Door             Necr           34%        N/A       100%        9
 Dragon's Call            Summ           34%        N/A       100%        9


Dungeon Overview and Level Annotations

Branches:
Dungeon (15/15)            Temple (1/1) D:7            Lair (5/5) D:10
 Shoals (4/4) Lair:2        Snake (4/4) Lair:2        Slime (0/5) Lair:4
    Orc (2/2) D:9             Elf (3/3) Orc:2        Vaults (5/5) D:14
  Crypt (0/3) Vaults:3     Depths (4/4) D:15            Zot (0/5) Depths:4
Ossuary (visited)           IceCv (visited)         Gauntlet (visited)

Shops:
D:3 [   D:7 *   D:8 (   Orc:2 *=([   Elf:1 ![   Elf:3 *   Snake:1 !   Snake:3 =
Snake:4 [[   Vaults:1 (   Vaults:4 (?   Depths:2 =:=

Portals:
Hell: Depths:1 Depths:2 Depths:3 Depths:4
Abyss: Depths:3 Depths:4
Pandemonium: Depths:2
Ziggurat: Depths:2

Annotations:
Vaults:3 6 runed translucent doors
Vaults:5 Bai Suzhen, Boris


Innate Abilities, Weirdness & Mutations

You have an increased reservoir of magic. (+10% MP)
You shall have no god before yourself.
Your divine heritage dramatically boosts your attributes as you level up.
You possess an exceptional clarity of mind.
Your mind is acute. (Int +4, Str/Dex -1)


Message History

The bolt of lightning misses you.
You feel yourself speed up. The storm dragon misses you.
You block the storm dragon's attack. The storm dragon misses you.
The sphinx barely misses you. The sphinx hits you but does no damage.
The sphinx closely misses you.
Bai Suzhen, Madame White Snake comes into view.
She is wielding a +2 quarterstaff of speed.
You block the vault warden's attack. The dread lich misses you.
Okay, then.
Unknown command.
Unknown command.
Unknown command.
The sphinx misses you. You block the sphinx's attack. The sphinx misses you.
Okay, then.
Unknown command.
Unknown command.
Unknown command.
Okay, then.
You feel protected. The storm dragon bites you!
* * * LOW HITPOINT WARNING * * *
The storm dragon claws you but does no damage.
The storm dragon closely misses you.
The ancient lich casts a spell.
The ancient lich flickers and vanishes!
You block the vault warden's attack. The sphinx closely misses you.
The sphinx hits you but does no damage. You block the sphinx's attack.
You feel better.
You feel sluggish.
The storm dragon bites you but does no damage.
You block the storm dragon's attack. x2
A bolt of acid appears from out of thin air!
The bolt of acid hits you!!! You resist.
* * * LOW HITPOINT WARNING * * *
The acid corrodes you! The vault warden closely misses you.
The deep elf annihilator mumbles some strange words.
The deep elf annihilator blinks!
You feel better.
The tengu reaver points at you and mumbles some strange words.
The bolt of fire hits you! You resist.
You die...

.# O. #####. #....
#... #.)###### ####
#..)....# #..#
#....)..#
#H{######.
######D.#
#@.QW.....
#.......#
#DpHC.....
#.......# #L.#DC###
#..#############XC#
.d..
#..e......Dp.u.{p.#
.e.
#...D.p....p...Du.#
##
#####e.####+####..#
#pp# .:?. #..#
#...#..# [?[..$#..#


You could see Bai Suzhen, 2 shadow dragons, a tentacled monstrosity (sheltered),
a titan, a dread lich (sheltered), a storm dragon (unable to see you), a cyan
very ugly thing (unable to see you), 2 sphinxes, a stone giant (unable to see
you), 2 vault wardens, a tengu reaver, a deep elf annihilator, an ettin (unable
to see you) and a freezing wraith.

Vanquished Creatures
  A dread lich (Vaults:5)
  Mennas (Depths:4)
  An ancient lich (Vaults:5)
  A juggernaut (Depths:4)
  Vashnia (Snake:4)
  The ghost of qqlele the Warrior, a veteran DjCj of Makhleb (Elf:3)
  The ghost of casual the Hoplite, a veteran MiMo of Hepliaklqana (Vaults:3)
  A golden dragon (Depths:4)
  A profane servitor (Abyss:2)
  Nikola (Shoals:4)
  A bone dragon (Depths:4)
  Jorgrun (D:15)
  Asterion (Vaults:2)
  4 liches
  2 walking earthen tomes
  3 deep elf master archers (Elf:3)
  2 tentacled starspawn (Abyss:2)
  A walking frostbound tome (Depths:4)
  3 deep elf blademasters (Elf:3)
  2 tengu reavers (Depths:4)
  The ghost of Ewe Xiki the Bludgeoner, an adept HuBe of Trog (D:15)
  Kirke (D:12)
  Agnes (Snake:3)
  Donald (Snake:2)
  2 shadow dragons
  7 nagarajas
  7 sphinxes
  3 fire giants (Depths:2)
  A draconian knight (Depths:4)
  10 deep elf sorcerers
  6 frost giants
  14 vault wardens
  2 draconian scorchers (Depths:4)
  2 iron dragons
  A draconian shifter (Abyss:2)
  Aizul (Snake:3)
  3 orc warlords
  2 spriggan defenders (Depths:3)
  20 ironbound preservers
  4 war gargoyles
  7 deep elf elementalists (Elf:3)
  8 stone giants
  A reaper (Depths:1)
  3 ghouls (Vaults:3)
  35 very ugly things
  3 vampire knights
  4 ironbound thunderhulks
  An elemental wellspring (Shoals:3)
  23 dire elephants
  A green draconian (Depths:4)
  6 deep elf demonologists
  2 purple draconians (Depths:4)
  3 spark wasps (Depths:1)
  Azrael (D:12)
  A white draconian (Depths:4)
  2 minotaurs
  7 deep elf annihilators
  2 yellow draconians (Depths:4)
  4 starcursed masses (Abyss:2)
  An eidolon (Vaults:3)
  8 ettins
  A green death (Depths:2)
  2 merfolk javelineers (Shoals:3)
  8 deep elf death magi
  8 fire dragons
  Josephine (Lair:4)
  5 deep elf high priests (Elf:3)
  4 merfolk impalers
  Snorg (D:11)
  2 great orbs of eyes
  3 rakshasas
  36 vault guards
  11 yaktaur captains
  6 salamander tyrants
  2 entropy weavers
  5 ice dragons
  4 ogre magi
  7 centaur warriors
  2 spriggan air magi
  11 ironbound frosthearts
  A merfolk avatar (Shoals:1)
  8 hydras
  11 anacondas
  A catoblepas (Shoals:2)
  4 merfolk aquamancers (Shoals:1)
  An alligator snapping turtle (Shoals:3)
  A hell beast (Depths:1)
  A peacekeeper (Vaults:4)
  15 satyrs (Shoals:4)
  An alligator (Lair:5)
  2 boulder beetles
  27 dancing weapons
  2 death knights
  9 two-headed ogres
  9 deep troll shamans
  14 naga warriors
  Erica (D:11)
  A hell hog (Depths:1)
  16 naga sharpshooters
  3 tengu warriors
  7 deep troll earth magi
  A shock serpent (shapeshifter) (Depths:4)
  A spectral dire elephant (Lair:5)
  7 death yaks
  Urug (D:12)
  A spriggan berserker (Depths:4)
  12 shock serpents
  2 orc high priests
  2 hell knights
  14 iron trolls
  Nergalle (Orc:2)
  4 skysharks
  13 deep elf knights
  A sun demon (Abyss:2)
  3 wretched stars (Abyss:2)
  A spectral anaconda (Lair:5)
  9 skeletal warriors
  A sea snake (shapeshifter) (Depths:4)
  10 salamander mystics
  Lodul (D:10)
  2 glowing orange brains
  4 spriggan druids
  25 sea snakes
  68 deep trolls
  2 spriggan simulacra (IceCv)
  13 lindwurms
  7 naga ritualists
  4 bog bodies (IceCv)
  3 flayed ghosts
  13 necromancers
  2 obsidian statues
  9 deep elf archers
  27 harpies
  13 ironbound convokers
  4 phantasmal warriors
  13 wizards
  11 mana vipers
  25 deep elf pyromancers
  18 deep elf zephyrmancers
  7 orc knights
  16 fauns
  42 ugly things
  2 orc sorcerers
  A shining eye (Gauntlet)
  28 salamanders
  A shadow dragon skeleton (Vaults:2)
  9 merfolk sirens
  A worldbinder (Abyss:2)
  16 manticores
  34 elephants
  4 cyclopes
  21 naga magi
  A rust devil (Depths:2)
  3 water nymphs (Shoals:3)
  9 guardian serpents
  35 black mambas
  2 human skeletons
  5 torpor snails
  A dire elephant zombie (Lair:5)
  An ice statue (Elf:2)
  17 vault sentinels
  4 smoke demons
  A gargoyle (D:12)
  An unseen horror (D:13)
  19 cane toads
  35 yaktaurs
  Maggie (D:7)
  A dire elephant skeleton (Lair:5)
  2 orange demons
  3 rime drakes
  17 freezing wraiths
  4 ice devils
  10 komodo dragons
  6 anaconda simulacra (IceCv)
  5 tengu conjurers
  2 red devils
  An efreet (D:15)
  2 golden dragon simulacra (IceCv)
  6 polar bears
  16 merfolk
  2 human zombies
  6 hornets
  4 trolls
  A tarantella (shapeshifter) (D:15)
  3 meliai (D:14)
  18 dream sheep
  A shadow dragon simulacrum (Vaults:4)
  10 wind drakes
  8 blink frogs
  39 slime creatures
  3 snapping turtles
  3 centaur simulacra (Gauntlet)
  A jumping spider (Vaults:4)
  Sigmund (D:5)
  20 spriggans (Depths:3)
  A culicivora (Vaults:3)
  A vampire (D:9)
  A shadow (D:12)
  A deep troll skeleton (Vaults:1)
  3 dire elephant simulacra (IceCv)
  56 yaks
  6 wraiths
  6 wyverns
  A chaos spawn (Abyss:2)
  14 water elementals
  A ynoxinul (Abyss:2)
  9 large abominations
  2 hogs (D:12)
  6 fire elementals
  4 basilisks
  4 redbacks
  7 vampire mosquitoes
  A death yak simulacrum (Lair:5)
  A golden eye (Gauntlet)
  3 minotaur simulacra (IceCv)
  2 harpy simulacra (IceCv)
  32 nagas
  A warg (Orc:2)
  3 acid dragons
  12 water moccasins
  A floating eye (Gauntlet)
  2 hell hounds (D:12)
  2 hydra simulacra (IceCv)
  31 orc warriors
  An ettin simulacrum (IceCv)
  A black bear (D:7)
  A sky beast (Abyss:2)
  4 ice beasts
  6 alligator simulacra (IceCv)
  3 elephant zombies (Lair:5)
  21 ogres
  4 boggarts
  4 wolves (Lair:5)
  2 centaurs (D:9)
  A kobold brigand (D:8)
  11 bullfrogs
  A gnoll sergeant (D:5)
  7 elf zombies
  2 cane toad simulacra (Lair:5)
  6 scorpions
  3 wights (D:9)
  A hornet simulacrum (Gauntlet)
  3 howler monkeys
  6 small abominations (Abyss:2)
  A lindwurm simulacrum (IceCv)
  2 electric eels (Lair:3)
  3 centaur zombies (Ossuary)
  7 jellies
  A quasit (Abyss:2)
  22 orc priests
  A gnoll bouda (D:5)
  4 hounds (D:5)
  An iron imp (Abyss:2)
  A hell rat (Lair:5)
  An iguana (D:7)
  18 orc wizards
  7 mummies
  22 gnolls
  An adder (D:6)
  8 shadow imps
  8 white imps
  An ufetubus (Abyss:2)
  A worm (D:4)
  74 orcs
  10 ball pythons
  10 endoplasms
  3 giant cockroaches
  7 hobgoblins
  10 kobolds
  2 quokkas (D:1)
  7 bats
  5 frilled lizards
  10 goblins
  2 goblin zombies (D:5)
  4 hobgoblin zombies (Ossuary)
  6 rats
  A lurking horror (Abyss:2)
1919 creatures vanquished.

Vanquished Creatures (collateral kills)
  Polyphemus (Shoals:2)
  Frances (Shoals:2)
  A merfolk javelineer (Shoals:3)
  A catoblepas (D:13)
  An ice dragon (D:15)
  2 tengu warriors (D:14)
  A boulder beetle (D:14)
  A two-headed ogre (D:13)
  A death yak (Shoals:2)
  2 sea snakes
  5 skeletal warriors
  A wizard (D:15)
  2 harpies (Shoals:1)
  4 cyclopes
  2 manticores
  A faun (Shoals:2)
  A water nymph (Shoals:3)
  A tengu conjurer (D:15)
  2 merfolk (Shoals:3)
  A wind drake (Shoals:3)
  2 snapping turtles
  A dream sheep (Shoals:1)
  A vampire mosquito (D:14)
  An orc warrior (Orc:1)
  An orc wizard (Orc:1)
  5 orcs (Orc:1)
43 creatures vanquished.

Vanquished Creatures (others)
  A deep elf annihilator (Elf:2)
  A black mamba (shapeshifter) (Elf:2)
  4 starspawn tentacles (Abyss:2)
6 creatures vanquished.

Grand Total: 1968 creatures vanquished

Notes
Turn   | Place    | Note
-------+----------+-------------------------------------------
     0 | D:1      | Gabide the Demigod Air Elementalist began the quest for the
                  | Orb.
     0 | D:1      | Reached XP level 1. HP: 14/14 MP: 5/5
   116 | D:1      | Reached skill level 1 in Conjurations
   232 | D:1      | Reached XP level 2. HP: 20/20 MP: 0/7
   235 | D:1      | Learned a level 2 spell: Static Discharge
  1080 | D:1      | Reached XP level 3. HP: 26/26 MP: 2/9
  1381 | D:1      | Identified a scroll of acquirement
  1381 | D:1      | Acquired the ring of Midwinter {rF+ Will+ SInv}
  1473 | D:2      | Learned a level 3 spell: Swiftness
  2592 | D:3      | Found Joawois's Antique Armour Boutique.
  2595 | D:3      | Bought a pair of boots for 135 gold pieces
  2749 | D:3      | You fall into a shaft and drop 1 floor!
  2773 | D:4      | Noticed a scorpion
  2776 | D:4      | Killed a scorpion
  2777 | D:4      | Reached XP level 4. HP: 33/33 MP: 9/11
  3605 | D:4      | Noticed an ogre
  3610 | D:4      | Killed an ogre
  3611 | D:4      | Reached skill level 5 in Air Magic
  3611 | D:4      | Reached XP level 5. HP: 38/38 MP: 12/12
  4154 | D:4      | Learned a level 4 spell: Airstrike
  4155 | D:5      | Entered Level 5 of the Dungeon
  4298 | D:5      | Reached XP level 6. HP: 43/45 MP: 6/13
  4740 | D:5      | Found a sand-covered staircase.
  4819 | Ossuary  | Entered an ossuary
  4825 | Ossuary  | Reached skill level 1 in Fighting
  4833 | Ossuary  | Reached XP level 7. HP: 15/53 MP: 0/14
  5277 | D:5      | Reached skill level 1 in Armour
  5603 | D:5      | Noticed Sigmund
  5605 | D:5      | Killed Sigmund
  5900 | D:5      | Reached XP level 8. HP: 52/63 MP: 4/17
  6718 | D:6      | Reached skill level 5 in Spellcasting
  7703 | D:7      | Found Vogorph's Assorted Antiques.
  8131 | D:7      | Found a staircase to the Ecumenical Temple.
  8292 | Temple   | Entered the Ecumenical Temple
  8292 | Temple   | Found a transporter.
  8292 | Temple   | Found a transporter.
  8294 | Temple   | Found a transporter.
  8294 | Temple   | Found a transporter.
  8436 | D:7      | Noticed Maggie
  8439 | D:7      | Killed Maggie
  8440 | D:7      | Reached XP level 9. HP: 69/69 MP: 8/21
  9049 | D:7      | Bought a scroll of identify for 54 gold pieces
  9049 | D:7      | Bought a pair of gloves for 121 gold pieces
  9269 | D:7      | Identified the +4 trident of Outrage {flame, *Slow Str+6}
  9405 | D:8      | Noticed a two-headed ogre
  9408 | D:8      | Killed a two-headed ogre
  9929 | D:8      | Found Woed Vig's Antique Weapon Shop.
 10842 | D:9      | Found a staircase to the Orcish Mines.
 11249 | D:9      | Reached XP level 10. HP: 77/77 MP: 6/26
 12171 | D:10     | Entered Level 10 of the Dungeon
 12171 | D:10     | Noticed Lodul
 12433 | D:10     | Found a staircase to the Lair.
 12453 | D:10     | Reached skill level 5 in Fighting
 12681 | D:10     | Killed Lodul
 12714 | D:10     | Reached skill level 5 in Dodging
 13242 | D:10     | Reached skill level 1 in Shields
 13674 | Lair:1   | Entered Level 1 of the Lair of Beasts
 13677 | Lair:1   | Reached XP level 11. HP: 89/89 MP: 19/28
 13873 | Lair:1   | Found a gate leading to a gauntlet.
 13883 | Gauntlet | Entered a Gauntlet
 13883 | Gauntlet | Found a transporter.
 13893 | Gauntlet | Found a transporter.
 13896 | Gauntlet | Found a transporter.
 13897 | Gauntlet | Found a transporter.
 13905 | Gauntlet | Found a transporter.
 13908 | Gauntlet | Found a transporter.
 13909 | Gauntlet | Found a transporter.
 13919 | Gauntlet | Found a transporter.
 13921 | Gauntlet | Found a transporter.
 13922 | Gauntlet | Found a transporter.
 13924 | Gauntlet | Noticed a wizard
 13926 | Gauntlet | Noticed a wizard
 13933 | Gauntlet | Found a transporter.
 13934 | Gauntlet | Found a transporter.
 13936 | Gauntlet | Noticed a wizard
 13936 | Gauntlet | Noticed a wizard
 13942 | Gauntlet | Found a transporter.
 13966 | Gauntlet | Found a transporter.
 14109 | Gauntlet | Gained mutation: You are weak. (Str -2) [a shining eye]
 14202 | Gauntlet | Reached skill level 5 in Shields
 14363 | Gauntlet | Killed a wizard
 14369 | Gauntlet | Killed a wizard
 14495 | Gauntlet | Killed a wizard
 14505 | Gauntlet | Killed a wizard
 14506 | Gauntlet | Reached skill level 5 in Armour
 14672 | Gauntlet | Found the +3 Mad Mage's Maulers {Infuse+∞ VampMP -Cast}
 14672 | Gauntlet | Identified the +4 battleaxe "Lanliq" {freeze, Dex+4 Stlth+}
 14672 | Gauntlet | Noticed a minotaur
 14679 | Gauntlet | Killed a minotaur
 14722 | Gauntlet | Identified the staff of conjuration "Xikog" {Will++ Dex+6
                  | Stlth+}
 14723 | Gauntlet | Got the Writings on Nightshade
 15889 | Lair:2   | Reached skill level 10 in Air Magic
 16002 | Lair:2   | Found a staircase to the Snake Pit.
 16511 | Lair:2   | Reached XP level 12. HP: 96/96 MP: 24/29
 17040 | Lair:2   | Noticed an eight-headed hydra
 17435 | Lair:2   | Killed an eight-headed hydra
 17436 | Lair:2   | Reached skill level 10 in Spellcasting
 17611 | Lair:2   | Found a staircase to the Shoals.
 19914 | Lair:4   | Found a staircase to the Slime Pits.
 20566 | Lair:4   | Reached XP level 13. HP: 102/102 MP: 11/33
 21580 | Lair:4   | Noticed Josephine
 21584 | Lair:4   | Killed Josephine
 21876 | Lair:5   | Entered Level 5 of the Lair of Beasts
 24182 | Lair:5   | Reached skill level 15 in Air Magic
 24683 | Lair:5   | Noticed a dire elephant
 24683 | Lair:5   | Noticed a dire elephant
 24684 | Lair:5   | Noticed a dire elephant
 25652 | Lair:5   | Reached XP level 14. HP: 110/110 MP: 13/35
 26588 | Lair:5   | Identified the ring "Lyireh" {Fire rCorr Dex+2 Stlth-}
 26592 | Lair:5   | Identified the +1 leather armour of Indomitability {Rampage
                  | *Corrode rF+++ Dex+3}
 28147 | Lair:5   | Got the Volume of the Enchanting Zephyr
 29668 | D:11     | Noticed Erica
 29670 | D:11     | Killed Erica
 29791 | D:11     | Noticed Snorg
 29794 | D:11     | Killed Snorg
 29879 | D:12     | Noticed Urug
 29882 | D:12     | Killed Urug
 29982 | D:12     | Noticed Azrael
 29986 | D:12     | Killed Azrael
 30683 | D:12     | Reached skill level 15 in Spellcasting
 30727 | D:12     | Reached skill level 1 in Staves
 31086 | D:12     | Noticed Kirke
 31609 | D:12     | Noticed a sphinx
 31610 | D:12     | Noticed a sphinx
 31611 | D:12     | Killed Kirke
 31740 | D:12     | Learned a level 4 spell: Summon Lightning Spire
 32359 | D:13     | Reached skill level 5 in Staves
 32711 | D:13     | Reached XP level 15. HP: 98/115 MP: 16/39
 33045 | D:13     | Reached skill level 1 in Evocations
 33354 | D:14     | Found a gate to the Vaults.
 33663 | D:14     | Reached skill level 5 in Evocations
 34492 | D:15     | Entered Level 15 of the Dungeon
 34494 | D:15     | Noticed Ewe Xiki's ghost (adept HuBe)
 34504 | D:15     | Found a transporter.
 34804 | D:15     | Noticed Jorgrun
 34913 | D:15     | Killed Jorgrun
 35289 | D:15     | Found a transporter.
 35618 | D:15     | Found a staircase to the Depths.
 36767 | D:15     | Killed Ewe Xiki's ghost
 37123 | Orc:1    | Entered Level 1 of the Orcish Mines
 38073 | Orc:2    | Entered Level 2 of the Orcish Mines
 38156 | Orc:2    | Found a staircase to the Elven Halls.
 38428 | Orc:2    | Noticed Nergalle
 38434 | Orc:2    | Killed Nergalle
 39236 | Orc:2    | Reached skill level 10 in Staves
 40246 | Orc:2    | Found Geit's Jewellery Boutique.
 40286 | Orc:2    | Found Nutad's Antique Armour Boutique.
 40301 | Orc:2    | Found Cytul's Antique Weapon Boutique.
 40317 | Orc:2    | Found Heupnah's General Store.
 40324 | Orc:2    | Bought a scroll of summoning for 114 gold pieces
 40324 | Orc:2    | Bought a scroll of blinking for 90 gold pieces
 40505 | D:7      | Bought a triangular fluorescent amulet for 135 gold pieces
 40627 | Shoals:1 | Entered Level 1 of the Shoals
 41363 | Shoals:1 | Reached XP level 16. HP: 40/122 MP: 21/40
 42341 | Shoals:1 | Learned a level 6 spell: Plasma Beam
 43605 | Shoals:2 | Reached skill level 10 in Fighting
 44272 | Shoals:2 | Noticed Frances
 44276 | Shoals:2 | Killed Frances
 44532 | Shoals:2 | Noticed Polyphemus
 44772 | Shoals:2 | Killed Polyphemus
 44951 | Shoals:2 | Reached skill level 1 in Fire Magic
 45391 | Shoals:3 | Reached skill level 2 in Fire Magic
 45899 | Shoals:3 | Reached skill level 3 in Fire Magic
 46377 | Shoals:3 | Reached skill level 4 in Fire Magic
 46893 | Shoals:3 | Reached skill level 5 in Fire Magic
 47172 | Shoals:4 | Entered Level 4 of the Shoals
 48368 | Shoals:4 | Reached skill level 6 in Fire Magic
 48553 | Shoals:4 | Noticed Nikola
 48730 | Shoals:4 | Reached skill level 7 in Fire Magic
 49050 | Shoals:4 | Killed Nikola
 49066 | Shoals:4 | Reached skill level 8 in Fire Magic
 49107 | Shoals:4 | Noticed a sphinx
 49108 | Shoals:4 | Killed a sphinx
 49123 | Shoals:4 | Reached XP level 17. HP: 146/146 MP: 2/41
 49486 | Shoals:4 | Reached skill level 9 in Fire Magic
 49492 | Shoals:4 | Learned a level 5 spell: Fireball
 49831 | Shoals:4 | Got a barnacled rune of Zot
 50179 | Shoals:4 | Reached skill level 10 in Fire Magic
 50745 | Snake:1  | Entered Level 1 of the Snake Pit
 51315 | Snake:1  | Reached skill level 11 in Fire Magic
 51734 | Snake:1  | Found Ruluc's Distillery.
 51742 | Snake:1  | Bought a potion of haste for 170 gold pieces
 51742 | Snake:1  | Bought a potion of curing for 51 gold pieces
 51742 | Snake:1  | Bought a potion of mutation for 136 gold pieces
 51742 | Snake:1  | Bought a potion of haste for 170 gold pieces
 51742 | Snake:1  | Bought a potion of curing for 51 gold pieces
 51742 | Snake:1  | Bought a potion of mutation for 136 gold pieces
 52438 | Snake:2  | Noticed Donald
 52439 | Snake:2  | Reached skill level 12 in Fire Magic
 52916 | Snake:2  | Killed Donald
 53537 | Snake:2  | Reached skill level 13 in Fire Magic
 53747 | Snake:2  | Identified the +0 ring mail of Lust {rF+ rN+ Int+2}
 53940 | Snake:3  | Noticed Aizul
 53944 | Snake:3  | Killed Aizul
 54651 | Snake:3  | Found a transporter.
 54887 | Snake:3  | Noticed Agnes
 54890 | Snake:3  | Killed Agnes
 55844 | Snake:3  | Found Voenadde's Jewellery Shoppe.
 55852 | Snake:3  | Bought the amulet "Rofev" {Contam rElec Regen+ Int+7} for
                  | 849 gold pieces
 55852 | Snake:3  | Bought the ring "Xeack" {MP+9 AC+4} for 990 gold pieces
 55965 | Snake:3  | Reached skill level 14 in Fire Magic
 55984 | Snake:3  | Identified the scarf "Tauvar" {harm, Int+4}
 56002 | Snake:3  | Found a transporter.
 56013 | Snake:3  | Identified the ring of Wishful Thinking {Ice rPois Str+6
                  | Dex-2}
 56235 | Snake:3  | Reached XP level 18. HP: 154/154 MP: 38/42
 56460 | Snake:4  | Entered Level 4 of the Snake Pit
 56739 | Snake:4  | Identified the +1 ring mail of Iloska Quma {Regen+ Slay+6}
 56884 | Snake:4  | Found Vuupt's Armour Boutique.
 56889 | Snake:4  | Found Olucw's Antique Armour Boutique.
 57320 | Snake:4  | Reached skill level 15 in Fire Magic
 58114 | Snake:4  | Noticed Vashnia
 58116 | Snake:4  | Killed Vashnia
 58598 | Snake:4  | Reached skill level 10 in Armour
 59249 | Snake:4  | Learned a level 2 spell: Blink
 60093 | Snake:4  | Got a serpentine rune of Zot
 60459 | Orc:2    | Bought a ring of fire for 400 gold pieces
 60489 | Elf:1    | Entered Level 1 of the Elven Halls
 60690 | Elf:1    | Reached skill level 10 in Shields
 61068 | Elf:1    | Found Ejaf's Armour Boutique.
 61244 | Elf:1    | Found Acod's Distillery.
 61983 | Elf:1    | Got the Anthology of Abhorrent Words
 62420 | Elf:2    | Found a frozen archway.
 62427 | Elf:2    | Reached XP level 19. HP: 134/160 MP: 4/43
 62463 | IceCv    | Entered an ice cave
 63889 | IceCv    | Got the Opusculum on Ghastly Hypothermia
 64894 | Elf:2    | Found a runed translucent gate.
 64894 | Elf:2    | Found a runed translucent gate.
 64894 | Elf:2    | Found a runed translucent gate.
 65116 | Elf:2    | Reached skill level 10 in Dodging
 65856 | Elf:2    | Gained mutation: You are dopey. (Int -2) [mutagenic glow]
 65885 | Elf:2    | Gained mutation: Armour fits poorly on your strangely
                  | shaped body. [mutagenic glow]
 66267 | Elf:2    | Lost mutation: Armour fits poorly on your strangely shaped
                  | body. [potion of mutation]
 66267 | Elf:2    | Lost mutation: You are dopey. (Int -2) [potion of mutation]
 66267 | Elf:2    | Lost mutation: You are weak. (Str -2) [potion of mutation]
 66267 | Elf:2    | Gained mutation: You possess an exceptional clarity of
                  | mind. [potion of mutation]
 66267 | Elf:2    | Gained mutation: Your mind is acute. (Int +4, Str/Dex -1)
                  | [potion of mutation]
 66269 | Elf:3    | Entered Level 3 of the Elven Halls
 66466 | Elf:1    | Bought a +0 robe of the Archmagi for 387 gold pieces
 66605 | Elf:3    | Found Daybage's Assorted Antiques.
 66661 | Elf:3    | Found a runed translucent gate.
 66661 | Elf:3    | Found a runed translucent gate.
 66661 | Elf:3    | Found a runed translucent gate.
 66661 | Elf:3    | Noticed qqlele's ghost (veteran DjCj)
 67034 | Elf:3    | Killed qqlele's ghost
 67122 | Elf:3    | Got the Omnibus of Burnt Terra Firma
 67124 | Elf:3    | Identified the +3 shortbow of Psychosis {antimagic, rPois
                  | rCorr}
 67415 | Abyss:2  | Cast into level 2 of the Abyss (a deep elf sorcerer)
 68008 | Abyss:2  | Noticed a bone dragon
 68257 | Abyss:2  | Noticed a profane servitor
 68260 | Abyss:2  | Killed a profane servitor
 68283 | Elf:3    | Escaped the Abyss
 68668 | Elf:3    | Identified the +7 flail "Mig Quip" {speed, rC+ Dex+4}
 68821 | Elf:3    | Identified the staff of conjuration "Tiepaim" {rPois}
 69325 | Elf:3    | Reached XP level 20. HP: 168/168 MP: 40/44
 69476 | Elf:3    | Identified the +1 plate armour of Uskayaw's Pride {Will+
                  | rCorr Stlth-}
 69479 | Elf:3    | Identified the +4 mace of the Hidden Vale {flame, Stlth+}
 69644 | Elf:3    | Learned a level 3 spell: Vhi's Electric Charge
 69653 | Elf:3    | Learned a level 8 spell: Maxwell's Capacitive Coupling
 69798 | Elf:3    | Identified the +7 shortbow of Midnight {heavy, Int+3 Dex+3}
 69806 | Elf:3    | Identified the +0 arbalest of Terra Cotta {penet, rF+
                  | Int+2}
 70252 | Depths:1 | Entered Level 1 of the Depths
 70294 | Depths:1 | Found a gateway to Hell.
 70764 | Depths:1 | Learned a level 8 spell: Ignition
 72509 | Depths:2 | Reached skill level 16 in Fire Magic
 73627 | Depths:2 | Found a one-way gateway to a ziggurat.
 73695 | Depths:2 | Identified the +1 robe of Tomorrow {rF+ rCorr MP+9 Dex-5}
 73740 | Depths:2 | Found a one-way gate leading to the halls of Pandemonium.
 73763 | Depths:2 | Found Vuedomuv's Jewellery Boutique.
 73763 | Depths:2 | Found Qar Awo's Book Emporium.
 73764 | Depths:2 | Found Xatuinem's Jewellery Boutique.
 74387 | Depths:3 | Reached skill level 17 in Fire Magic
 74563 | Depths:3 | Found a one-way gate to the infinite horrors of the Abyss.
 75684 | Depths:3 | Reached XP level 21. HP: 162/174 MP: 39/46
 75687 | Depths:3 | Reached skill level 18 in Fire Magic
 76652 | Depths:4 | Entered Level 4 of the Depths
 76752 | Depths:4 | Identified the +7 flail of Puckish Integrity {flame, Dex+3}
 76854 | Depths:4 | Noticed Mennas
 76858 | Depths:4 | Killed Mennas
 77085 | Depths:4 | Noticed a golden dragon
 77087 | Depths:4 | Killed a golden dragon
 77508 | Depths:4 | Noticed a juggernaut
 77509 | Depths:4 | Killed a juggernaut
 78362 | Depths:4 | Identified the +2 falchion "Uteotsug" {flame, rN+}
 78796 | Depths:4 | Found a gate to the Realm of Zot.
 79090 | Vaults:1 | Entered Level 1 of the Vaults
 79798 | Vaults:1 | Identified the +4 halberd "Sarcophage" {speed, Fly rPois
                  | Dex+2}
 80082 | Vaults:1 | Found Nyzatwut's Antique Weapon Shop.
 82742 | Vaults:2 | Noticed Asterion
 82744 | Vaults:2 | Killed Asterion
 82745 | Vaults:2 | Reached XP level 22. HP: 181/181 MP: 37/50
 83343 | Vaults:3 | Reached skill level 19 in Fire Magic
 84663 | Vaults:3 | Found a large runed translucent door.
 84663 | Vaults:3 | Found a large runed translucent door.
 84663 | Vaults:3 | Found a large runed translucent door.
 84663 | Vaults:3 | Found a large runed translucent door.
 84663 | Vaults:3 | Noticed casual's ghost (veteran MiMo)
 84666 | Vaults:3 | Found a large runed translucent door.
 84666 | Vaults:3 | Found a large runed translucent door.
 84666 | Vaults:3 | Found a large runed translucent door.
 84666 | Vaults:3 | Found a large runed translucent door.
 84672 | Vaults:3 | Reached skill level 20 in Fire Magic
 84674 | Vaults:3 | Killed casual's ghost
 84753 | Vaults:3 | Identified the amulet of Ceggul {rC+ Regen+ SInv}
 85729 | Vaults:3 | Found a staircase to the Crypt.
 86412 | Vaults:4 | Reached skill level 21 in Fire Magic
 86965 | Vaults:4 | Found Qeih's Magic Scroll Shoppe.
 86981 | Vaults:4 | Bought a scroll of teleportation for 57 gold pieces
 86981 | Vaults:4 | Bought a scroll of teleportation for 57 gold pieces
 86981 | Vaults:4 | Bought a scroll of blinking for 142 gold pieces
 87438 | Vaults:4 | Found Ubaahoj's Weapon Boutique.
 88800 | Vaults:5 | Entered Level 5 of the Vaults
 88804 | Vaults:5 | Reached XP level 23. HP: 188/188 MP: 43/51
 88805 | Vaults:5 | Noticed Boris
 88868 | Vaults:5 | Noticed an ancient lich
 88869 | Vaults:5 | Killed an ancient lich
 88875 | Vaults:5 | Noticed a dread lich
 88878 | Vaults:5 | Killed a dread lich
 88916 | Vaults:5 | HP: 8/180 [yaktaur captain/bolt (30)]
 88918 | Vaults:5 | Identified the +6 demon trident of Misery {pain, rF++ Int+4
                  | Dex-5 Stlth+}
 88928 | Vaults:5 | Noticed an ancient lich
 88936 | Vaults:5 | Noticed a dread lich
 88956 | Vaults:5 | Noticed an ancient lich
 88959 | Vaults:5 | Noticed Bai Suzhen
 88962 | Vaults:5 | HP: 5/180 [something/bolt of acid (44)]
 88963 | Vaults:5 | Killed from afar by a tengu reaver

Illustrated notes

Levels and vault maps discovered:
D:1:      psy_arrival_dodecagon, layout_basic,
          nicolae_ecumenical_snake_handling, minmay_pentomino_o4
D:2:      layout_loops_ring, basic_altar, chequers_garden, grunt_ministairs_14
D:3:      layout_loops_cross, serial_shops, nicolae_shop_behind_doors
D:4:      layout_loops_corners
D:5:      layout_basic, nicolae_ossuary_entry_giza, minmay_misc_feat_chi,
          dreamdust_gnoll_farm, uniq_sigmund
D:6:      layout_loops_corners
D:7:      layout_basic, marbit_many_paths, minmay_temple_entry_tees,
          serial_shops, nicolae_stop_n_shop_1, uniq_maggie
D:8:      layout_cave_pools, nicolae_overflow_two_pavilions, serial_shops, shop
D:9:      layout_cave_pods, orc_0_dummy
D:10:     layout_rooms, lair_entry_dummy, minivault_23,
          hellmonk_bongcloud_opening, uniq_lodul
D:11:     layout_basic, uniq_snorg, uniq_erica
D:12:     layout_cave_pools, minmay_evil_grid, uniq_azrael, uniq_kirke,
          uniq_urug
D:13:     layout_basic
D:14:     layout_stronghold, lightli_vaults_fourway_checkpoint,
          nicolae_tso_carved_into_rock
D:15:     grunt_enter_depths_hoard, layout_loops_ring, nzn_ghost_randoct,
          uniq_jorgrun
Temple:   hellmonk_temple_divided_pantheon
Lair:1:   layout_cave_pods, gauntlet_entry_generic, infiniplex_staircase_pool
Lair:2:   layout_hall_layers, elwin_shoals_entry_stream,
          minmay_snake_entry_six_corridors
Lair:3:   layout_regular_city, serial_bayou, serial_bayou_shore_b,
          serial_bayou_ford_a, serial_bayou_lagoon_b, serial_bayou_pond_c,
          serial_bayou_crossing, basic_altar, dreamdust_wasp_nest
Lair:4:   layout_cave_shapes, nicolae_slime_entry_field_trip,
          cheibrodos_lair_lostbears, grunt_megastairs_2, uniq_josephine
Lair:5:   due_jungle_book, layout_small_grid, nicolae_lair_lakeside_cave
Shoals:1: cheibrodos_shoals_three_sisters, layout_shoals, nzn_prometheus_bound
Shoals:2: layout_shoals, uniq_polyphemus, uniq_frances
Shoals:3: layout_shoals, nicolae_shoals_spring_well_temple
Shoals:4: shoals_end_hellmonk_lost_city, uniq_nikola
Snake:1:  layout_grid_maze, serial_shops, nicolae_shop_industrial_runoff,
          nicolae_snake_snakes_in_the_grass
Snake:2:  layout_rooms, uniq_donald
Snake:3:  gammafunk_sealed_library, layout_chambers, serial_shops, shop,
          basic_altar, st_stairs_13, minmay_snake_pond, uniq_aizul, uniq_agnes
Snake:4:  snake_pit_salamanders_mu, layout_gridlike, minmay_shop_star,
          grunt_megastairs_4, uniq_vashnia
Orc:1:    layout_caves, basic_altar, mines2_david
Orc:2:    grunt_orc_cross, layout_diamond_mine
Elf:1:    eino_elf_arrival_altar, layout_loops_ring, minmay_elf_necromancy,
          minmay_shoptagon
Elf:2:    nicolae_elf_blades_splatter_lattice [grunt_blade_entry_basic],
          layout_loops_cross, basic_altar, portal_ice_cave_entry_ice_statue_one
Elf:3:    nooodl_elf_gasket, layout_geoelf_octagon, ebering_ghost_rock_garden,
          serial_shops, shop, nicolae_concentric_dashed_squares_mild
Vaults:1: v_misc_30, nicolae_vaults_shrinking_rooms_1,
          hangedman_vaults_restitches, nicolae_vaults_diamond_1,
          v_alt_pattern_2, vaults_mumra_minichess, grunt_vaults_hallway_short,
          nicolae_vaults_tetromino_Z_2, nicolae_vaults_security_offices_1,
          nicolae_vaults_cochlea, v_misc_5, ontoclasm_vaults_decontamination,
          layout_vaults_omnigrid, serial_shops, nicolae_shop_back_alley_shop
Vaults:2: nicolae_vaults_closet_pinwheel_6, v_misc_2,
          nicolae_vaults_sesquioval_fish, v_pattern_4,
          nicolae_vaults_more_shelving_2, nicolae_vaults_alarming,
          nicolae_vaults_lightning_bolt, vaults_room_fancy_cross,
          nicolae_vaults_variable_pillar_hall, nicolae_vaults_diamond_1,
          ontoclasm_vaults_loading_screen, vaults_mumra_lcd,
          layout_vaults_omnicross, uniq_asterion
Vaults:3: advil_vaults_ghost_lines, v_misc_4, nicolae_vaults_little_squares_6,
          nicolae_vaults_trapezoid_1, hangedman_vaults_restitches, v_rooms_6,
          nicolae_vaults_cornered_office, v_rooms_1, v_misc_10,
          grunt_vaults_hallway_short, nicolae_vaults_tetromino_Z_1,
          nicolae_vaults_tetromino_Z_2, layout_vaults_chaotic_city,
          minmay_crypt_entry_simple_corners
Vaults:4: nicolae_vaults_network_periphery, v_rooms_4, vaults_room_door_ring,
          v_pattern_3, hangedman_vaults_snaps, v_rooms_2,
          ontoclasm_vaults_ring_small, nicolae_vaults_cornered_office,
          nicolae_vaults_little_squares_5, nicolae_vaults_diamond_2,
          layout_vaults_omnibox, serial_shops, shop, shop_fountains
Vaults:5: serial_shops, uniq_boris, uniq_bai_suzhen
Depths:1: layout_gridlike, minmay_holes, grunt_mini_vestibule,
          dreamdust_wishing_well, nicolae_qazlal_scattered_showers,
          serial_bayou_shore_b, firewood_loft
Depths:2: kennysheep_bubble_arena, layout_cave_shapes, enter_ziggurat_d,
          grunt_pan_entry_sceptre, pf_hell_entry_tar_spiral,
          minmay_misc_feat_iff, minmay_shop_grove
Depths:3: minmay_spriggan_fort, layout_gridlike, hangedman_coc_ice_floe,
          abyss_entry
Depths:4: grunt_zot_entry_pinwheel, layout_gridlike, okawaru_ov_weapons_minmay,
          abyss_entry, hell_entry, worldfamousw_hep_ancestral_shrine,
          uniq_mennas

Skill      XL: |  1  2  3  4  5  6  7  8  9 10 11 12 13 14 15 16 17 18 19 20 21 22 23 |
---------------+----------------------------------------------------------------------+-----
Conjurations   | 1 |  1.0
Air Magic      | 3 4 5 6 7 9 11 12 15 16 18 19 20 | 20.6
Spellcasting   | 2 3 4 6 8 9 12 15 18 | 18.0
Dodging        | 3 6 7 12 | 12.0
Stealth        | 3 |  3.0
Fighting       | 1 3 6 12 | 12.0
Armour         | 3 6 12 | 12.0
Shields        | 3 6 12 | 12.0
Staves         | 6 11 12 | 12.0
Evocations     | 6 |  6.0
Fire Magic     | 8 14 15 17 18 21 | 21.0

Action                     |  1- 3 |  4- 6 |  7- 9 | 10-12 | 13-15 | 16-18 | 19-21 | 22-24 || total
---------------------------+-------+-------+-------+-------+-------+-------+-------+-------++-------
  Melee: Unarmed           |     1 |       |       |       |       |       |       |       ||     1
         Dagger            |       |     6 |    15 |     7 |     3 |       |       |       ||    31
         Staff             |       |       |     4 |    21 |    89 |    93 |   119 |    35 ||   361
  Throw: Dart              |     2 |     3 |       |     4 |     4 |     1 |       |       ||    14
         Throwing net      |       |       |     2 |     3 |     1 |       |       |     1 ||     7
   Cast: Shock             |   113 |    72 |    19 |     6 |     3 |       |     1 |       ||   214
         Static Discharge  |       |    20 |     9 |    48 |    90 |     7 |       |       ||   174
         Airstrike         |       |       |   104 |   274 |   753 |   274 |    61 |     2 ||  1468
         Summon Lightning  |       |       |       |       |    34 |    41 |       |       ||    75
         Swiftness         |       |       |       |       |     4 |     4 |     3 |     1 ||    12
         Plasma Beam       |       |       |       |       |       |   448 |   563 |   219 ||  1230
         Blink             |       |       |       |       |       |       |     1 |       ||     1
         Ignition          |       |       |       |       |       |       |     5 |    14 ||    19
         Maxwell's Capacit |       |       |       |       |       |       |     2 |     1 ||     3
  Evoke: Wand              |       |     3 |     7 |     7 |     2 |       |       |     2 ||    21
    Use: Potion            |     1 |       |       |     5 |    11 |     6 |    10 |    21 ||    54
         Scroll            |    12 |     2 |     9 |     9 |    11 |     5 |    10 |    10 ||    68
   Stab: Distracted        |       |       |       |       |       |     1 |     1 |       ||     2
 Armour: Robe              |     7 |       |       |       |       |    14 |    47 |    34 ||   102
         Leather armour    |       |     8 |     8 |       |       |       |       |       ||    16
         Acid dragon scale |       |       |     5 |    42 |   116 |       |       |       ||   163
         Troll leather arm |       |       |       |       |   111 |    87 |       |       ||   198
         Ring mail         |       |       |       |       |       |     5 |    23 |       ||    28
  Dodge: Dodged            |    20 |    14 |    12 |    52 |   272 |   166 |    97 |    76 ||   709
  Block: Buckler           |       |       |       |    24 |   116 |    71 |    73 |    43 ||   327
         Reflection        |       |       |       |       |       |       |       |     2 ||     2
